[Event "Late-Titled-Tuesday-Blitz-October-24-2023"]
[Site "Chess.com"]
[Date "2023.10.24"]
[Round "7"]
[White "effefe"]
[Black "familijatop71"]
[Result "1-0"]
[WhiteElo "2340"]
[BlackElo "2141"]
[TimeControl "180+1"]
[EndTime "15:15:55 PDT"]
[Termination "effefe won on time"]

1. d4 Nf6 2. c4 e6 3. Nc3 d5 4. cxd5 exd5 5. Bg5 c6 6. e3 Be7 7. Bd3 h6 8. Bh4 O-O 9. Nge2 Re8 10. O-O Nbd7 11.
Qc2 Bd6 12. Bg3 Nf8 13. Bxd6 Qxd6 14. Ng3 N8h7 15. Rae1 Ng5 16. f3 h5 17. Qf2 Bd7 18. Rd1 Re7 19. Rfe1 Rae8 20. h4 Ngh7 21. e4 dxe4 22.
Ngxe4 Nxe4 23. fxe4 Qc7 24. Qf3 Bg4 25. Qf2 Bxd1 26.
Rxd1 Nf6 27. e5 Ng4 28. Qf5 g6 29. Qg5 Qb6 30. Bc4 Qxb2 31. Qxg6+ Kf8 32. Qd3 b5 33. Bb3 Qa3 34. Qd2 Qa5 35. Ne4 Qxd2 36. Rxd2 Kg7 37.
Nd6 Rd8 38. Nf5+ Kf8 39. Nxe7 Kxe7 40. Rc2 Rc8 41. Rc5 Ne3 42. Rc3 Nd5 43. Rf3 a5 44.
Kh2 a4 45. Bc2 1-0

[Event "Late-Titled-Tuesday-Blitz-October-24-2023"]
[Site "Chess.com"]
[Date "2023.10.24"]
[Round "7"]
[White "Nekoo04"]
[Black "giomar27"]
[Result "1-0"]
[WhiteElo "2264"]
[BlackElo "2366"]
[TimeControl "180+1"]
[EndTime "15:15:58 PDT"]
[Termination "Nekoo04 won on time"]

1. d4 Nf6 2. c4 c5 3. d5 b5 4.
cxb5 a6 5. bxa6 g6 6. Nc3 Bg7 7. Nf3 O-O 8. g3 d6 9. Bg2 Bxa6 10. O-O Nbd7 11. Rb1 Nb6 12. b3 Nfd7 13. Bb2 Qb8 14.
a4 Qa7 15. Qd2 Rfb8 16. Rfc1 Bb7 17. Nb5 Qa5 18. Qg5 Bxb2 19. Rxb2 Nxd5 20. Nh4 N5f6 21. Nf5 Bxg2 22. Kxg2 Qd8 23. Rc4 Ne5 24. Rh4 Rb7 25. Rd2 Qe8 26. Nfxd6 exd6 27. Nxd6 Qc6+ 28. f3 Re7 29.
Qxf6 Re6 30. Qg5 Rxd6 31. Rc2 Re8 32. Qh6 f6 33. Qxh7+ Kf8 34. Qh8+ Ke7 35. Rh7+ Kd8 36. Qg7 Rd7 37. Qh6 Rde7 38. Rxe7 Rxe7 39. b4 c4 40. b5 Qc5 41. Qf8+ Kd7 42. Qxf6 Nf7 43. Rd2+ Ke8 44. b6 c3 45. Rc2 1-0

[Event "Late-Titled-Tuesday-Blitz-October-24-2023"]
[Site "Chess.com"]
[Date "2023.10.24"]
[Round "7"]
[White "Elbebiber"]
[Black "becemix"]
[Result "1-0"]
[WhiteElo "2159"]
[BlackElo "2353"]
[TimeControl "180+1"]
[EndTime "15:15:58 PDT"]
[Termination "Elbebiber won on time"]

1. f4 d5 2. Nf3 f5 3. e3 Nf6 4. b3 e6 5. Bb2 Nbd7 6. Be2 Be7 7. O-O O-O 8. Ne5 Nxe5 9. Bxe5 Ne4 10. d3 Nd6 11. Nd2 Bf6 12. Nf3 Bd7 13. c4 Be8 14. Rc1 c6 15. Qd2 Rc8 16. Qb2 Bh5 17. Rfe1 Bxf3 18.
Bxf3 Bxe5 19. Qxe5 Rf6 20. g3 Nf7 21. Qc3 Qd6 22. Red1 Re8 23. d4 Kh8 24. Qa5 a6 25. Rc2 g5 26. Qb6 Rg8 27. Kf2 Rfg6 28. Qxb7 gxf4 29.
exf4 R6g7 30. cxd5 Nd8 31. Qb6 exd5 32. Qc5 Qh6 33.
Rh1 Re8 34. Qc3 Rge7 35. Qd3 Qf6 36. Re2 Rxe2+ 37. Bxe2 Re4 38. Rd1 Nf7 39. Bf3 Re6 40. Re1 Nd6 41. Re5 Ne4+ 42. Kg2 Rxe5 43. dxe5 Qe6 44.
Qd4 Qd7 45. Qb6 d4 46. Qb8+ Kg7 47. Qb4 d3 48. Bxe4 fxe4 49. Qxe4 d2 50. e6 1-0

[Event "Late-Titled-Tuesday-Blitz-October-24-2023"]
[Site "Chess.com"]
[Date "2023.10.24"]
[Round "7"]
[White "dosto07"]
[Black "djano"]
[Result "1-0"]
[WhiteElo "2547"]
[BlackElo "2676"]
[TimeControl "180+1"]
[EndTime "15:15:59 PDT"]
[Termination "dosto07 won on time"]

1. e4 g6 2. d4 Bg7 3. Nc3 a6 4.
a4 d6 5. Nf3 Nf6 6. Be2 O-O 7.
O-O Nc6 8. Be3 Bg4 9. d5 Nb8 10. Nd4 Bd7 11. f4 c5 12. Nb3 e6 13. e5 Nxd5 14.
Nxd5 exd5 15. Qxd5 dxe5 16. Bxc5 Bc6 17. Qxd8 Rxd8 18. fxe5 Nd7 19. Bc4 Nxe5 20. Be2 Be4 21. c3 Nd3 22. Bxd3 Bxd3 23. Rfe1 Bc4 24. Na5 Bd5 25.
Rad1 Be6 26. Bb6 Rxd1 27. Rxd1 Be5 28. Nxb7 Bb3 29. Re1 Bf4 30. a5 h5 31. Bd4 Kh7 32. Nc5 Bc4 33. Rf1 Bd6 34. Rf6 Bxc5 35. Bxc5 Be6 36.
Rf4 Rb8 37. Bb4 Rd8 38. Rd4 Rc8 39. Kf2 g5 40. h4 Kg6 41. g3 g4 42. Rd6 Ra8 43.
Ke3 Kf5 44. Kd4 Rc8 45. Bc5 Ra8 46. b4 Bb3 47. c4 f6 48. Rd5+ Kg6 49. Rd6 Bc2 50.
Kc3 Ba4 51. Bd4 1-0

[Event "Late-Titled-Tuesday-Blitz-October-24-2023"]
[Site "Chess.com"]
[Date "2023.10.24"]
[Round "7"]
[White "Beca95"]
[Black "Alex_Sahakyan2006"]
[Result "0-1"]
[WhiteElo "2914"]
[BlackElo "2769"]
[TimeControl "180+1"]
[EndTime "15:16:04 PDT"]
[Termination "Alex_Sahakyan2006 won by resignation"]

1. d4 Nf6 2. c4 e6 3. Nc3 Bb4 4. Nf3 O-O 5. Bg5 h6 6. Bh4 c5 7. Rc1 cxd4 8. Nxd4 d5 9. cxd5 g5 10. Bg3 Bxc3+ 11. Rxc3 Qxd5 12. e3 Ne4 13. Ra3 Rd8 14. Qb3 Qc5 15. Qc4 Qb6 16. Qb5 Na6 17. Bd3 Qxb5 18. Bxb5 Nb4 19. Ke2 Nxg3+ 20. hxg3 e5 21. Nf3 Bg4 22. Ra4 Rac8 23. Rb1 Bf5 24. Ra1 Rc2+ 25. Kf1 Rxb2 26. Be2 Nc6 27. g4 Be6 28. Ke1 Kg7 29. Bd1 f6 30. a3 a6 31.
Rc1 Rd7 32. Rc2 Rb1 33. Rd2 Rxd1+ 34. Kxd1 Bb3+ 35. Kc1 Rxd2 36. Nxd2 Bxa4 37. Ne4 Bb5 38. Nd2 Nd8 39. Kb2 Bc6 40. f3 Ne6 41. Kc3 Kf7 42.
Kb4 Ke7 43. Nb3 Kd6 44. Kc3 Nc5 45. Nd2 Bd5 46. Kb4 b6 47. e4 Be6 48. Kc3 Kc6 49. g3 a5 50. Nf1 b5 51. Ne3 Na4+ 52. Kc2 b4 53. axb4 axb4 54. Nd1 b3+ 55. Kb1 Kc5 56. Ne3 Kd4 57. Nd5 Bxd5 58. exd5 Kxd5 0-1

[Event "Late-Titled-Tuesday-Blitz-October-24-2023"]
[Site "Chess.com"]
[Date "2023.10.24"]
[Round "7"]
[White "Bauman_Guy"]
[Black "lukas_111111"]
[Result "1-0"]
[WhiteElo "2924"]
[BlackElo "2663"]
[TimeControl "180+1"]
[EndTime "15:16:06 PDT"]
[Termination "Bauman_Guy won by resignation"]

1. e4 d6 2. d4 Nf6 3. Nc3 e5 4.
dxe5 dxe5 5. Qxd8+ Kxd8 6. Bc4 Ke8 7. f3 c6 8. Be3 b5 9. Bb3 Nbd7 10. a4 b4 11. Nb1 Nc5 12. Nd2 Nxb3 13. cxb3 Be6 14.
Rc1 Rc8 15. Nc4 Bxc4 16. Rxc4 c5 17. Nh3 Bd6 18. Ke2 h6 19. Nf2 Ke7 20. Rhc1 Nd7 21. Nd3 a5 22. Nxc5 Bxc5 23. Bxc5+ Ke6 24. Be3 Rxc4 25.
Rxc4 Rd8 26. Rc6+ Ke7 27. Ra6 Rc8 28. Kd2 Nc5 29. Bxc5+ Rxc5 30. Ra7+ Ke6 31. Kd3 g6 32. Rb7 h5 33. Rb5 Kd6 34. Rb7 Ke6 35. h4 Rc6 36. Rb5 Ra6 37. Kc4 f6 38. Rd5 g5 39. hxg5 fxg5 40. Rd8 Rc6+ 41. Kb5 Rc2 42. Kxa5 Rxg2 43. Kxb4 h4 44. Rh8 Rxb2 45. a5 Ra2 46. Kb5 Kf6 47. b4 Kg7 48. Rd8 h3 49. Rd1 Ra3 50. a6 Rxf3 51. Ra1 g4 52. a7 Rf8 53. Rg1 Ra8 54.
Rxg4+ Kf6 55. Ka6 Rh8 56. Rg1 h2 57. Rh1 Kg5 58. b5 Kf4 59. b6 Kg3 60. b7 1-0

[Event "Late-Titled-Tuesday-Blitz-October-24-2023"]
[Site "Chess.com"]
[Date "2023.10.24"]
[Round "7"]
[White "R2D2PTY"]
[Black "GianmarcoVaR"]
[Result "0-1"]
[WhiteElo "2299"]
[BlackElo "2668"]
[TimeControl "180+1"]
[EndTime "15:16:07 PDT"]
[Termination "GianmarcoVaR won by checkmate"]

1. e4 c5 2. Nc3 Nc6 3. Bb5 Nd4 4.
Nf3 a6 5. Bd3 Nc6 6. O-O d6 7. Bc4 g6 8. d4 cxd4 9. Nxd4 Bd7 10.
Kh1 Bg7 11. Nxc6 Bxc6 12. f4 Nf6 13. Qe2 b5 14. Bd5 Nxd5 15. Nxd5 O-O 16. c3 a5 17. Be3 e6 18. Bb6 Qd7 19. Nc7 Rab8 20. Bxa5 Rfc8 21. f5 Rxc7 22. Bxc7 Qxc7 23. Rad1 Be5 24. f6 Qb7 25. Qe3 Qc8 26. b3 Qd8 27. Qf3 Ra8 28. Rd2 Ra6 29.
Rdf2 Qa8 30. Qe3 Bxe4 31. Kg1 d5 32. Qh6 Qf8 33. Qg5 Bxc3 34. Rc2 Bxc2 35. Rc1 Bd4+ 36. Kh1 Rc6 37. Qd2 Qc8 38. Qh6 Qf8 39. Qd2 e5 40.
Rxc2 Rxc2 41. Qxc2 e4 42. Qd1 Bxf6 43. Qxd5 Qd8 44.
Qxd8+ Bxd8 45. Kg1 f5 46. Kf2 Kf7 47. Ke3 Bb6+ 48.
Ke2 Ke6 49. a4 Kd5 50. axb5 Ba5 51. h3 Bb6 52. g4 f4 53. g5 f3+ 54. Kf1 e3 55. Ke1 e2 56. h4 Ke4 57. h5 Ke3 58. b4 f2# 0-1

[Event "Late-Titled-Tuesday-Blitz-October-24-2023"]
[Site "Chess.com"]
[Date "2023.10.24"]
[Round "7"]
[White "vugarrasulov"]
[Black "TigrVShlyape"]
[Result "1/2-1/2"]
[WhiteElo "3001"]
[BlackElo "2846"]
[TimeControl "180+1"]
[EndTime "15:16:11 PDT"]
[Termination "Game drawn by repetition"]

1. Nf3 f5 2. e4 fxe4 3. Ng5 Nf6 4. d3 e5 5. Nc3 d5 6. dxe4 h6 7. Nf3 d4 8. Ne2 Bd6 9. Ng3 Be6 10. Bd3 c5 11. Qe2 Nc6 12. O-O O-O 13. Nh4 a6 14. Nhf5 b5 15. b3 Nb4 16. Bd2 Nxd3 17. cxd3 Qd7 18. Rac1 Rac8 19. f4 Bb8 20. fxe5 Bxe5 21. Bf4 Bxf4 22. Rxf4 c4 23. bxc4 bxc4 24. dxc4 d3 25.
Qd2 Qc7 26. c5 Rfd8 27. Nxh6+ Kh7 28. Nhf5 Bxf5 29. Nxf5 Kg8 30. h3 Qe5 31. Qe3 d2 32.
Rd1 Qxc5 33. Qxc5 Rxc5 34. Ne7+ Kf7 35. Nd5 Rc1 36. Rff1 Rxd1 37. Rxd1 Nxe4 38. Ne3 Nc3 39. Rf1+ Ke6 40. Nd1 Ne4 41. Rf3 Ke5 42. Kf1 Kd4 43.
Ke2 Rc8 44. Rd3+ Ke5 45. Re3 Kd4 46. Rd3+ Ke5 47. Re3 Rc1 48. Ra3 Rc6 49. Re3 Kd4 50. Rd3+ Ke5 51. Re3 Kd4 52. Rd3+ Ke5 53. Re3 1/2-1/2

[Event "Late-Titled-Tuesday-Blitz-October-24-2023"]
[Site "Chess.com"]
[Date "2023.10.24"]
[Round "7"]
[White "balachess2006"]
[Black "victormago"]
[Result "0-1"]
[WhiteElo "2558"]
[BlackElo "2432"]
[TimeControl "180+1"]
[EndTime "15:16:14 PDT"]
[Termination "victormago won by resignation"]

1. Nf3 Nf6 2. c4 c5 3. Nc3 e6 4. e3 b6 5. d4 Bb7 6. d5 exd5 7.
cxd5 d6 8. Bb5+ Nbd7 9. e4 Be7 10. O-O O-O 11. a4 Ng4 12. Bf4 a6 13. Bc6 Qc7 14.
h3 Nge5 15. Nxe5 Nxe5 16. Bxb7 Qxb7 17. Bxe5 dxe5 18. Qe2 Bd6 19. Nd1 b5 20. Ne3 g6 21.
h4 c4 22. h5 Bc5 23. Ng4 f6 24. axb5 axb5 25. Rxa8 Qxa8 26. b3 Qc8 27. bxc4 bxc4 28.
Rc1 c3 29. hxg6 hxg6 30. Ne3 Bd4 31. Nc2 Qc5 32. Rb1 Kg7 33. Rb7+ Rf7 34. Rxf7+ Kxf7 35.
Qa6 Bxf2+ 36. Kf1 Bd4 37. Qb7+ Kg8 38. Qd7 Qb6 39. Ke2 Qa6+ 40. Ke1 Qd3 41. Qe6+ Kg7 42.
Qd7+ Kh6 43. Qh3+ Qxh3 44. gxh3 Bc5 45. Ke2 Kg5 46. Kf3 Kh4 47. Kg2 f5 48. exf5 gxf5 49. d6 Bxd6 50. Ne3 Kg5 51. h4+ Kf6 52. Kf3 Ke6 53. h5 Bf8 54. Nc2 Bh6 55. Nb4 e4+ 56. Ke2 f4 57. Kf2 f3 58. Nc2 Ke5 59. Nb4 Bg5 60. Nc2 Bh4+ 61. Ke3 Bg5+ 62. Kf2 Kd5 63.
Ne3+ Bxe3+ 64. Kxe3 c2 0-1

[Event "Late-Titled-Tuesday-Blitz-October-24-2023"]
[Site "Chess.com"]
[Date "2023.10.24"]
[Round "7"]
[White "IMSlavin"]
[Black "Karttunen"]
[Result "0-1"]
[WhiteElo "2240"]
[BlackElo "2579"]
[TimeControl "180+1"]
[EndTime "15:16:16 PDT"]
[Termination "Karttunen won by resignation"]

1. e4 Nf6 2. Nc3 d5 3. e5 Ne4 4. Nxe4 dxe4 5. d4 Bf5 6. Ne2 e6 7. Ng3 Bg6 8. Bb5+ c6 9. Be2 c5 10. Be3 Nc6 11. dxc5 Nxe5 12. O-O Be7 13. b4 O-O 14.
Bf4 Nc6 15. a3 e5 16. Be3 f5 17. Bc4+ Kh8 18. Bc1 f4 19. Ne2 Nd4 20. Bb2 Bf6 21. c3 Nxe2+ 22. Qxe2 f3 23. gxf3 exf3 24. Qxf3 e4 25.
Qg2 Be5 26. Rad1 Qh4 27. Rd5 Rf5 28. Be2 Rg5 29. Rxe5 Rxg2+ 30. Kxg2 Rd8 31. Rd1 Rxd1 32. Bxd1 h6 33. c4 Kg8 34. h3 e3 35. Rxe3 Be4+ 36. Bf3 Qg5+ 37. Kf1 Bxf3 38. Rxf3 Qd2 39. Bc3 Qc1+ 40. Kg2 Qxa3 41. Rg3 g5 42. h4 Qb3 43. hxg5 h5 44. g6 Qxc4 45. g7 h4 46. Rf3 Qg4+ 47.
Rg3 hxg3 48. fxg3 Qe4+ 49. Kh3 Qf5+ 50. Kh4 Kh7 51. g4 Qf2+ 52. Kg5 Qe3+ 53. Kf6 Qxc3+ 54.
Kf7 Qxg7+ 0-1

[Event "Late-Titled-Tuesday-Blitz-October-24-2023"]
[Site "Chess.com"]
[Date "2023.10.24"]
[Round "7"]
[White "filipluczak05"]
[Black "Binary010"]
[Result "1-0"]
[WhiteElo "2635"]
[BlackElo "2833"]
[TimeControl "180+1"]
[EndTime "15:16:17 PDT"]
[Termination "filipluczak05 won on time"]

1. d4 Nf6 2. Nc3 d5 3. Bf4 c5 4. e3 cxd4 5. exd4 a6 6. Nf3 Nc6 7.
Ne5 Bd7 8. Be2 e6 9. g4 Bb4 10. f3 Rc8 11. Nxc6 Rxc6 12. O-O Bxc3 13. bxc3 O-O 14.
Qd2 Qa5 15. Rab1 b5 16. Rb3 Rfc8 17. Be5 Ne8 18. Bd3 Rxc3 19. a3 f6 20. Bg3 e5 21.
dxe5 Qb6+ 22. Bf2 Qc7 23. exf6 Nxf6 24. Bd4 Rxb3 25. cxb3 a5 26. Qg5 Qd6 27. Re1 Rf8 28. Qc1 Kh8 29. Bc5 Qb8 30. Bxf8 Qxf8 31. Qd2 a4 32.
bxa4 bxa4 33. Qb4 Qc8 34. Kg2 h6 35. h3 Qc7 36. Re2 Qa7 37. Rc2 d4 38. Rc5 Qa8 39.
Qxd4 Be6 40. Re5 Bb3 41. Rf5 Qc8 42. Rxf6 gxf6 43. Qxf6+ Kg8 44. Qg6+ Kf8 45. Qxh6+ Ke7 46. Qg7+ Kd6 47. Qf6+ Kd5 48. Be4+ Kc4 49. Qc6+ Qxc6 50.
Bxc6 Kc3 51. Kg3 Kb2 52. h4 Kxa3 53. h5 Kb4 54. Bxa4 Bxa4 55. Kf4 Bc2 56. Ke5 Kc5 57. f4 Kc6 58. f5 Kd7 59. h6 1-0

[Event "Late-Titled-Tuesday-Blitz-October-24-2023"]
[Site "Chess.com"]
[Date "2023.10.24"]
[Round "7"]
[White "Vamostodorecto"]
[Black "chess94cu"]
[Result "0-1"]
[WhiteElo "2456"]
[BlackElo "2652"]
[TimeControl "180+1"]
[EndTime "15:16:17 PDT"]
[Termination "chess94cu won on time"]

1. e4 d6 2. d4 Nf6 3. Nc3 e5 4. Nf3 Nbd7 5. Be2 Be7 6. O-O O-O 7. h3 c6 8. Be3 Re8 9. Bc4 h6 10. a4 a5 11. dxe5 dxe5 12. Qe2 Qc7 13. Nh4 Nf8 14.
Nf5 Bb4 15. Qf3 Bxf5 16. Qxf5 N6h7 17. Rad1 Ne6 18. Rd3 g6 19. Qg4 h5 20. Qg3 Kg7 21. Rfd1 Nhf8 22. Bxe6 Rxe6 23. Bd4 Qe7 24. Bb6 Bc5 25.
Bd8 Qe8 26. Ne2 Be7 27. Bc7 Bc5 28. Kh2 b6 29. Rd8 Rxd8 30. Bxd8 Nd7 31. Bg5 Rd6 32. Rf1 Nf8 33. f4 exf4 34. Bxf4 Re6 35. Nc3 Bd4 36. e5 Nd7 37. Ne4 Bxe5 38. Bxe5+ Rxe5 39. Nd6 Qe6 40. Rxf7+ Kg8 41. Rxd7 Qxd7 42. Qxg6+ Qg7 43. Qd3 Rg5 44. Qc4+ Kf8 45. Qf4+ Kg8 46. Qc4+ Rd5 47. Qxc6 Qe5+ 0-1

[Event "Late-Titled-Tuesday-Blitz-October-24-2023"]
[Site "Chess.com"]
[Date "2023.10.24"]
[Round "7"]
[White "APOKALIPSA13"]
[Black "leoduarte"]
[Result "0-1"]
[WhiteElo "2213"]
[BlackElo "2397"]
[TimeControl "180+1"]
[EndTime "15:16:20 PDT"]
[Termination "leoduarte won on time"]

1. e4 c5 2. Nf3 e6 3. d3 Nc6 4. g3 g6 5. Bg2 Bg7 6. O-O Nge7 7.
c3 e5 8. c4 O-O 9. Nc3 d6 10. Nh4 Nd4 11. Be3 Nec6 12. Nd5 h6 13. Qd2 Kh7 14. b4 Be6 15. b5 Bxd5 16. cxd5 Ne7 17.
Bxd4 cxd4 18. Bh3 f5 19. Ng2 Ng8 20. f3 Nf6 21. Ne1 Nd7 22. Nc2 Nc5 23. a4 Qg5 24. Qb4 Rad8 25. Rfd1 f4 26. g4 h5 27. Ra3 Qh4 28. Kg2 Rf7 29. Qe1 Qe7 30. Kh1 Bf6 31. Qd2 Bh4 32. Ne1 Bxe1 33. Qxe1 h4 34. Qd2 g5 35. Bg2 Qc7 36. h3 Qc8 37. Rc1 Rc7 38.
Qd1 b6 39. Bf1 Qb7 40. Ra2 Rdc8 41. Rca1 Nd7 42. Qe1 Rc3 43. Be2 Nc5 44. Qd1 Nb3 45.
Rb1 Rc1 46. Rxb3 Rxd1+ 47. Bxd1 Rc7 48. Rb1 Qc8 49. Raa1 Rc3 50. Be2 Rc2 51. Re1 Qc3 0-1

[Event "Late-Titled-Tuesday-Blitz-October-24-2023"]
[Site "Chess.com"]
[Date "2023.10.24"]
[Round "7"]
[White "alexrustemov"]
[Black "ValeriyGrinev"]
[Result "1/2-1/2"]
[WhiteElo "2792"]
[BlackElo "2621"]
[TimeControl "180+1"]
[EndTime "15:16:23 PDT"]
[Termination "Game drawn by agreement"]

1. d4 d5 2. c4 e6 3. Nc3 a6 4. cxd5 exd5 5. Nf3 Nf6 6. Bf4 Bd6 7. Bxd6 Qxd6 8. h3 Bf5 9. Qb3 Nc6 10. e3 O-O 11. Be2 Rab8 12. O-O Rfe8 13. Rfc1 Ne7 14. Qa3 Qxa3 15.
bxa3 Ng6 16. Na4 c6 17. Nc5 Nd7 18. Nxd7 Bxd7 19. Bd3 Ne7 20. Rab1 Bf5 21. Ne1 g5 22. Rb3 f6 23. Rcb1 b5 24. Rc1 Rec8 25. Rbc3 Rb6 26. g4 Bg6 27. Bxg6 hxg6 28. Nd3 a5 29. Rc5 Kf7 30. a4 Rcb8 31. axb5 Rxb5 32. R5c3 Rb1 33. Kg2 Rxc1 34. Rxc1 Ke6 35. Rc5 Rb5 36. Rc3 Kd6 37. Kf3 Nc8 38. Nc5 Nb6 39. Rc2 Nc4 40.
Kg3 Rb1 41. h4 Rg1+ 42. Kh2 Rxg4 43. hxg5 Rxg5 44. Rc1 Rh5+ 45. Kg2 Rg5+ 46. Kf3 Nd2+ 47. Ke2 Ne4 48. Nb7+ Kd7 49. Nxa5 Rg2 50. Rf1 Rh2 51. Ke1 Kc7 52. Nb3 Kb6 53. Nd2 Nc3 54. a3 Kb5 55. Rg1 g5 56. Nf1 Rh8 57. Ng3 Ka4 58.
Ne2 Ne4 59. f3 Nd6 60. Kf2 Rh2+ 61. Rg2 Rxg2+ 62. Kxg2 Kxa3 63. Ng3 Kb3 64. Kf2 Kc3 65. Ke2 Kc4 66. Nh5 Ne8 67. Kd2 c5 68. dxc5 Kxc5 69. Kd3 Kd6 70. Kd4 1/2-1/2

[Event "Late-Titled-Tuesday-Blitz-October-24-2023"]
[Site "Chess.com"]
[Date "2023.10.24"]
[Round "7"]
[White "dimitrisl"]
[Black "Mikhal867"]
[Result "1/2-1/2"]
[WhiteElo "2597"]
[BlackElo "2442"]
[TimeControl "180+1"]
[EndTime "15:16:23 PDT"]
[Termination "Game drawn - insufficient material"]

1. d4 Nf6 2. Nf3 g6 3. Bg5 Bg7 4. Nbd2 O-O 5. c3 c5 6. dxc5 Qc7 7. Bxf6 Bxf6 8. Nb3 Na6 9. Qd5 e6 10. Qd6 Qd8 11. e3 Be7 12. Qd4 Qc7 13. Bxa6 bxa6 14. O-O a5 15. Rfd1 Rb8 16. Rd2 Rd8 17. Qa4 Bb7 18.
Qxa5 Qxa5 19. Nxa5 Bxf3 20. gxf3 Bxc5 21. Rad1 Bb6 22. Nc4 d5 23. Nxb6 Rxb6 24. e4 Rdb8 25. exd5 exd5 26. b3 Ra6 27. Rxd5 Rxa2 28. Rd8+ Rxd8 29.
Rxd8+ Kg7 30. c4 Rb2 31. Rb8 a5 32. Rb5 Ra2 33. c5 Kf6 34. c6 Rc2 35. Rb6 Ke5 36.
Kg2 f5 37. Kg3 Kd6 38. Ra6 g5 39. Rxa5 f4+ 40. Kg2 h6 41. Ra6 Kc7 42. Ra7+ Kxc6 43. Ra6+ Kd5 44. Rxh6 Ke5 45. b4 Rb2 46. Rb6 Kf5 47. Rb8 Ke6 48. b5 Kd7 49. b6 Kc6 50. Rg8 Rb4 51. Rg6+ Kb7 52. Kh3 Rb2 53. Kg4 Rxf2 54. Kxg5 Rxf3 55. h4 Rg3+ 56. Kxf4 Rxg6 57.
h5 Rxb6 58. Kg5 Kc7 59. h6 Rb1 60. h7 Rg1+ 61. Kf6 Rh1 62. Kg7 Kd7 63. h8=Q Rxh8 64.
Kxh8 1/2-1/2

[Event "Late-Titled-Tuesday-Blitz-October-24-2023"]
[Site "Chess.com"]
[Date "2023.10.24"]
[Round "7"]
[White "mind1mover"]
[Black "Maitreia"]
[Result "1-0"]
[WhiteElo "2803"]
[BlackElo "2637"]
[TimeControl "180+1"]
[EndTime "15:16:27 PDT"]
[Termination "mind1mover won by resignation"]

1. Nf3 c5 2. g3 Nc6 3. Bg2 g6 4. d4 cxd4 5. Nxd4 Nxd4 6. Qxd4 Nf6 7. O-O Bg7 8. c4 O-O 9. Nc3 d6 10. Qd2 Be6 11. Bxb7 Rb8 12. Bg2 Bxc4 13. b3 Be6 14. Bb2 Qa5 15. Rfd1 Rfc8 16. Rac1 h5 17. h3 Kh7 18. e3 d5 19. Nxd5 Qxd2 20. Nxf6+ Bxf6 21.
Rxd2 Rxc1+ 22. Bxc1 h4 23. g4 Rc8 24. Bb2 Bxb2 25. Rxb2 Rc1+ 26. Kh2 a5 27. a3 Ra1 28.
b4 Rxa3 29. b5 Rc3 30. b6 Rc8 31. b7 Rb8 32. Rb5 a4 33. Ra5 Bc8 34. bxc8=Q Rxc8 35. Rxa4 Rc2 36. Rf4 Kg7 37. Be4 Rc4 38. Bf3 Rc2 39.
Kg2 g5 40. Rf5 f6 41. Rd5 Rb2 42. Rd7 Kf7 43. Bd5+ Ke8 44. Rb7 Rd2 45. Be6 Rd8 46. Rc7 Kf8 47. Rc8 Rxc8 48. Bxc8 Kf7 49. Ba6 Ke6 50. Bc4+ Ke5 51. Kf3 e6 52. Bb3 f5 53. Bc2 Kf6 54. e4 f4 55. Ke2 Ke5 56. Kd3 f3 57. Ke3 Kd6 58. Kd4 e5+ 59. Kc4 Kc6 60. Bd1 Kb6 61. Bxf3 Kc6 62.
Bd1 Kb6 63. f3 Ka5 64. Kd5 Kb4 65. Be2 Kc3 66. Kxe5 Kd2 67. Kf5 Kxe2 68. e5 Kf2 69. e6 Kg3 70. e7 Kxh3 71. e8=Q Kg3 72. Kxg5 h3 73. Kf5 h2 74. Qe5+ Kg2 75. Qxh2+ Kf1 76. g5 1-0

[Event "Late-Titled-Tuesday-Blitz-October-24-2023"]
[Site "Chess.com"]
[Date "2023.10.24"]
[Round "7"]
[White "NikolaGry"]
[Black "shimastream"]
[Result "1/2-1/2"]
[WhiteElo "2734"]
[BlackElo "2966"]
[TimeControl "180+1"]
[EndTime "15:16:32 PDT"]
[Termination "Game drawn by repetition"]

1. d4 d5 2. Bf4 c5 3. e3 Nc6 4. c3 Bf5 5. Bd3 Bxd3 6. Qxd3 e6 7. Nd2 Be7 8. Ngf3 Nf6 9. O-O O-O 10. h3 Rc8 11. a4 a6 12. Rfe1 Nd7 13. Qb1 b5 14.
axb5 axb5 15. Ra6 b4 16. c4 Nf6 17. dxc5 Bxc5 18. Nb3 Be7 19. Rd1 Qe8 20. c5 Ne4 21.
Rc1 Ra8 22. Rxa8 Qxa8 23. Nfd4 Rc8 24. f3 Nf6 25. Bd6 Nxd4 26. Nxd4 Qa7 27. Bxe7 Qxe7 28. c6 Ne8 29. Qc2 Nc7 30. Qc5 Qxc5 31. Rxc5 Kf8 32. Ra5 Ke7 33. Ra7 Kd6 34. Rb7 g6 35. f4 f6 36.
Rxb4 e5 37. fxe5+ fxe5 38. Nf3 Ra8 39. Rh4 Rh8 40. Ng5 Kxc6 41. Rxh7 Rb8 42. Rg7 Rxb2 43. Rxg6+ Kc5 44. Nf3 d4 45. Rg5 d3 46. Rxe5+ Kc4 47. Re4+ Kc3 48. Rd4 Re2 49. Rd7 Nb5 50. h4 Rxe3 51. h5 Re6 52. g4 Nd6 53. g5 Nf5 54. h6 Nxh6 55. gxh6 Rxh6 56. Ne1 Rg6+ 57. Kf2 Rf6+ 58. Kg2 Rg6+ 59. Kf2 Rf6+ 60. Kg2 Rg6+ 61. Kf2 1/2-1/2

[Event "Late-Titled-Tuesday-Blitz-October-24-2023"]
[Site "Chess.com"]
[Date "2023.10.24"]
[Round "7"]
[White "randy296"]
[Black "sari07"]
[Result "1-0"]
[WhiteElo "2108"]
[BlackElo "2245"]
[TimeControl "180+1"]
[EndTime "15:16:33 PDT"]
[Termination "randy296 won on time"]

1. e4 e5 2. Nf3 Nc6 3. Bb5 a6 4. Ba4 Nf6 5. O-O Be7 6. Re1 b5 7. Bb3 d6 8. h3 O-O 9. c3 Nb8 10. d4 Nbd7 11. Be3 Bb7 12. Nbd2 Nxe4 13. Nxe4 Bxe4 14. d5 Bg6 15. Bc2 f5 16. Rc1 Bh5 17.
g4 fxg4 18. Nh2 Bg5 19. hxg4 Bg6 20. Bxg6 hxg6 21. Rc2 Rf7 22. Qd2 Bh4 23. Rf1 Nf6 24. f4 Bg3 25. Qg2 Bxh2+ 26. Kxh2 exf4 27. Rxf4 Qd7 28.
g5 Nh5 29. Rxf7 Qxf7 30. Rf2 Qd7 31. Qe4 Kh7 32. Rf3 Qe8 33. Qd3 Qe5+ 34. Kg2 Re8 35. Rh3 Qe4+ 36. Qxe4 Rxe4 37. Kf3 Re5 38. Rh4 Kg8 39.
Rd4 Kf7 40. c4 b4 41. a3 a5 42. axb4 axb4 43. Bd2 b3 44. Re4 Rxe4 45. Kxe4 Ng3+ 46. Kf3 Nf5 47. Ba5 Ke7 48. Bxc7 Kd7 49. Bb6 Ne7 50.
Ke4 Nf5 51. Bd4 Ng3+ 52. Kf3 Nf5 53. Ke4 Ng3+ 54. Kf4 Ne2+ 55. Ke3 Ng1 56. Bxg7 Nh3 57. Bf6 1-0

[Event "Late-Titled-Tuesday-Blitz-October-24-2023"]
[Site "Chess.com"]
[Date "2023.10.24"]
[Round "7"]
[White "Lion-Al-Messi"]
[Black "Mikedannnn"]
[Result "0-1"]
[WhiteElo "2648"]
[BlackElo "2573"]
[TimeControl "180+1"]
[EndTime "15:16:35 PDT"]
[Termination "Mikedannnn won on time"]

1. e4 c5 2. Nf3 e6 3. d4 cxd4 4. Nxd4 Nc6 5. Nc3 Qc7 6. Be3 a6 7. Qd2 Nf6 8. O-O-O b5 9. Bf4 Qb6 10. Nxc6 Qxc6 11. e5 b4 12. exf6 bxc3 13. Qxc3 Qxc3 14. bxc3 gxf6 15. Be2 Bb7 16. Bh5 Rc8 17. Rd3 Bxg2 18. Rhd1 Ba3+ 19. Kb1 d5 20. c4 Bc5 21. cxd5 Bxd5 22.
Rxd5 exd5 23. Re1+ Kd8 24. Bxf7 Rc6 25. Bxd5 Rb6+ 26.
Kc1 Ba3+ 27. Kd2 Bb4+ 28. c3 Bd6 29. Be3 Rb2+ 30. Kd3 Kc7 31. Bb3 Rd8 32. Kc4 Be5 33. Rg1 Kb8 34. h4 Rc8+ 35. Kd5 Rxc3 36. h5 a5 37. h6 a4 38. Bxa4 Rxa2 39. Bd7 Rd3+ 40. Ke6 Ra6+ 41. Ke7 Kc7 42. Rc1+ Rc3 43. Rd1 Bd6+ 44.
Rxd6 Rxe3+ 45. fxe3 Rxd6 46. Bf5 Rd1 47. Kxf6 Rh1 48. Kg7 Rg1+ 49. Kxh7 Kd6 50. e4 Ke5 51. Bg6 Kf6 52. Bf5 Rh1 53. Bd7 Rh4 54. Bc6 Rh2 55.
Bd5 Rh4 56. Bc6 Rh2 57. Bb7 Kg5 58. Kg7 Rxh6 59. Kf7 Rb6 0-1

[Event "Late-Titled-Tuesday-Blitz-October-24-2023"]
[Site "Chess.com"]
[Date "2023.10.24"]
[Round "7"]
[White "jcmesafischer"]
[Black "zverr1"]
[Result "1-0"]
[WhiteElo "2324"]
[BlackElo "2473"]
[TimeControl "180+1"]
[EndTime "15:16:35 PDT"]
[Termination "jcmesafischer won by checkmate"]

1. e4 c5 2. Nf3 g6 3. c3 Bg7 4.
d4 cxd4 5. cxd4 d5 6. e5 a6 7. Nc3 Nc6 8. Be3 Bg4 9. Be2 e6 10. Ng1 Bxe2 11. Ngxe2 Nge7 12. O-O O-O 13. Qd2 b5 14. a3 Na5 15. b4 Nb3 16. Qd3 Nxa1 17. Rxa1 Rc8 18. Nc1 Qc7 19. Bd2 Qc4 20. Qxc4 dxc4 21.
N1e2 Rfd8 22. Be3 Nd5 23. Nxd5 Rxd5 24. Nc3 Rdd8 25. f4 Rd7 26. Kf2 Rcd8 27. Kf3 g5 28.
fxg5 Rxd4 29. Bxd4 Rxd4 30. Rd1 Rxd1 31. Nxd1 Bxe5 32.
h4 f5 33. gxf6 Bxf6 34. g3 h5 35. Ne3 Bb2 36. Nc2 Kf7 37. g4 hxg4+ 38. Kxg4 Kg6 39. Kf4 Kh5 40. Kg3 e5 41. Kh3 Kg6 42. Kg4 Kf6 43. h5 Bc1 44. Kf3 Kg5 45. Ke4 Bb2 46. Kd5 Kxh5 47.
Kc6 Kg4 48. Kb6 e4 49. Kxa6 Kf3 50. Kxb5 Bxa3 51. Nxa3 c3 52. Kc4 e3 53. Kxc3 e2 54. Nc2 Ke4 55. Kc4 Ke5 56. Kc5 Ke4 57. b5 Kd3 58.
Ne1+ Kd2 59. Ng2 Kd3 60. b6 Ke4 61. b7 Kf3 62. Ne1+ Ke3 63. b8=Q Kd2 64. Qb4+ Kd1 65. Kd4 Kc1 66. Kd3 Kd1 67. Qb1# 1-0